 Dungeon Crawl Stone Soup version 0.28.0-53-g5a82cb258f (webtiles) character file.

Game seed: 128578023598878222

912 QueenGhuleh the Chopper (level 8, -10/88 HPs)
             Began as a Djinni Berserker on Aug 22, 2022.
             Was a Believer of Trog.
             Mangled by an ice beast (18 damage)
             ... on level 5 of the Dungeon.
             The game lasted 00:08:52 (5346 turns).

QueenGhuleh the Chopper (Djinni Berserker)          Turns: 5346, Time: 00:08:52

Health: -10/88     AC:  8    Str: 18    XL:     8   Next: 30%
Gold:   183        EV: 11    Int:  9    God:    Trog [**....] SH:  0 Dex: 13

rFire   + + .      SeeInvis .   i - +1 halberd (protect)
rCold   x . .      Faith    .   (shield currently unavailable)
rNeg    . . .      Spirit   .   d - +0 ring mail
rPois   ∞          Reflect  .   r - +1 helmet
rElec   .          Harm     .   (no cloak)
rCorr   .          Rampage  .   (no gloves)
Will    .....                   (boots unavailable)
Stlth   ..........              (no amulet)
HPRegen 0.24/turn               (no ring)
MPRegen 0.00/turn               (no ring)

@: berserking, flying, very quick
A: sickness immunity, fire resistance 2, cold vulnerability 1, float, innate
caster, HP casting, extra vitality 1
a: Renounce Religion, Berserk, Trog's Hand


You were on level 5 of the Dungeon.
You worshipped Trog.
Trog was pleased with you.
You visited 1 branch of the dungeon, and saw 5 of its levels.

You collected 183 gold pieces.

Inventory:

Hand Weapons
 h - a +0 war axe
 i - a +1 halberd of protection (weapon)
Armour
 d - a +0 ring mail (worn)
 r - a +1 helmet (worn)
Jewellery
 a - a +6 ring of strength
Wands
 k - a wand of flame (18)
Scrolls
 b - 5 scrolls of teleportation {unknown}
 e - 4 scrolls of identify {unknown}
 j - a scroll of blinking {unknown}
 o - a scroll of vulnerability {unknown}
 p - a scroll of silence {unknown}
Potions
 c - a potion of haste {unknown}
 f - 6 potions of mutation {unknown}
 g - 3 potions of curing {unknown}
 l - 2 potions of cancellation {unknown}
 m - a potion of lignification {unknown}
 n - 2 potions of ambrosia {unknown}
 q - a potion of invisibility {unknown}


   Skills:
 + Level 5.0 Fighting
 + Level 5.0(5.3) Axes
 + Level 2.8(4.3) Polearms
 + Level 4.4 Armour
 + Level 3.1 Dodging
 + Level 0.6 Stealth


You had one spell level left.
You knew the following spells:

 Your Spells              Type           Power      Damage    Failure   Level
a - Shock                 Conj/Air       0%         1d3       56%         1
b - Blink                 Tloc           0%         N/A       71%         2
c - Summon Guardian Gole  Hex/Summ       0%         N/A       90%         3
Your spell library was empty.

Dungeon Overview and Level Annotations

Branches:
Dungeon (5/15)
 Temple: D:4-7

Altars:
Nemelex Xobeh
Ru

Shops:
D:4 [   D:5 *

Annotations:
D:3 3 runed translucent doors, NinjaNoafa's ghost, amateur MfSu


Innate Abilities, Weirdness & Mutations

You are immune to sickness and miasma.
You are immune to poison.
Your flesh is very heat resistant. (rF++)
You are vulnerable to cold. (rC-)
You float through the air rather than walking.
You learn spells naturally, not from books.
Your magical power is your life essence.
You have superior vitality. (+4 MHP)


Message History

You barely miss the ice beast.
The ice beast is severely wounded.
The ice beast hits you but does no damage.
You hit the ice beast.
Your weapon exudes an aura of protection.
The ice beast is almost dead.
The ice beast closely misses you.
The ice beast hits you but does no damage.
You closely miss the ice beast.
The ice beast is almost dead.
The ice beast barely misses you.
You hit the ice beast.
The ice beast is almost dead.
The ice beast hits you but does no damage.
You closely miss the ice beast.
The ice beast is almost dead.
The ice beast hits you. The ice beast freezes you!
You feel a terrible chill! The ice beast barely misses you.
You closely miss the ice beast.
The ice beast is almost dead.
The ice beast misses you.
You closely miss the ice beast.
The ice beast is almost dead.
The ice beast barely misses you.
You barely miss the ice beast.
The ice beast is almost dead.
The ice beast closely misses you.
You closely miss the ice beast.
The ice beast is almost dead.
The ice beast barely misses you.
The ice beast hits you but does no damage.
You barely miss the ice beast.
The ice beast is almost dead.
The ice beast hits you. The ice beast freezes you!!
You feel a terrible chill!
* * * LOW HITPOINT WARNING * * *
A red film seems to cover your vision as you go berserk!
You feel yourself moving faster!
You feel mighty! The ice beast hits you.
* * * LOW HITPOINT WARNING * * *
The ice beast freezes you!!
You feel a terrible chill!
You die...

#...#....#........
...####................
. .......<...........#.#
#.#.......#..........#..
∩........##.##.........
#........### ........#
.#......# .........
...#......## .........
......Y@...####.....#...
....##.#..###... .......
. ...##.##... .......
..... #..##.# #......
.....## #...#.#####....(
..... ##....(#.#......
#... ##..............
.... #.................
...#...............


You could see an ice beast.

Vanquished Creatures
  Grinder (D:3)
  Sigmund (D:3)
  A bullfrog (D:5)
  2 scorpions (D:4)
  2 hounds (D:5)
  A bullfrog skeleton (D:5)
  2 jellies (D:3)
  An orc priest (D:4)
  2 hound skeletons (D:4)
  A gnoll (D:1)
  4 adders
  2 river rats (D:4)
  3 adder skeletons
  2 worms
  10 orcs
  2 bats (D:2)
  13 endoplasms
  A giant cockroach (D:2)
  3 goblins
  3 hobgoblins
  3 jackals (D:1)
  10 kobolds
  4 quokkas
  6 ball pythons
  5 frilled lizards
  3 rats
88 creatures vanquished.

Vanquished Creatures (others)
  3 fungi (D:3)
  8 toadstools (D:3)
11 creatures vanquished.

Grand Total: 99 creatures vanquished

Notes
Turn   | Place    | Note
-------+----------+-------------------------------------------
     0 | D:1      | QueenGhuleh the Djinni Berserker began the quest for the
                  | Orb.
     0 | D:1      | Reached XP level 1. HP: 20/20 MP: 0/0
    20 | D:1      | Reached XP level 2. HP: 7/25 MP: 0/0
   801 | D:1      | Reached XP level 3. HP: 19/30 MP: 0/0
   801 | D:1      | Learned a level 1 spell: Shock
  1631 | D:2      | Found a faded altar of an unknown god.
  2212 | D:2      | Reached XP level 4. HP: 20/37 MP: 0/0
  2816 | D:3      | Noticed Grinder
  2826 | D:3      | Killed Grinder
  2827 | D:3      | Reached XP level 5. HP: 38/41 MP: 0/0
  2827 | D:3      | Learned a level 2 spell: Blink
  2827 | D:3      | Reached XP level 6. HP: 44/47 MP: 0/0
  3014 | D:3      | Found a sacrificial altar of Ru.
  3141 | D:3      | Noticed Sigmund
  3150 | D:3      | Killed Sigmund
  3151 | D:3      | Reached XP level 7. HP: 49/53 MP: 0/0
  3151 | D:3      | Learned a level 3 spell: Summon Guardian Golem
  3821 | D:3      | Found a runed translucent gate.
  3821 | D:3      | Found a runed translucent gate.
  3821 | D:3      | Found a runed translucent gate.
  3821 | D:3      | Noticed NinjaNoafa's ghost (amateur MfSu)
  4016 | D:4      | Reached ** piety under Trog
  4174 | D:4      | Found a glowing drain.
  4257 | D:4      | Reached skill level 5 in Axes
  4257 | D:4      | Reached skill level 1 in Polearms
  4614 | D:4      | Found a sparkling altar of Nemelex Xobeh.
  4616 | D:4      | Found Hiluur's Antique Armour Emporium.
  4737 | D:4      | Reached XP level 8. HP: 47/58 MP: 0/0
  4996 | D:5      | Entered Level 5 of the Dungeon
  5142 | D:5      | Reached skill level 5 in Fighting
  5328 | D:5      | Found Faenef's Assorted Antiques.
  5346 | D:5      | Mangled by an ice beast

Illustrated notes

Levels and vault maps discovered:
D:1:      dpeg_arrival_simpleton_b, layout_loops_ring,
          chequers_serial_rivers_micro_b, bh_walls_and_bars
D:2:      layout_basic, shapermc_ecumenical_altar_starsandcircs, wad_orctagon
D:3:      cheibrodos_fertilizer, layout_basic, overflow_temple_1_default,
          ebering_ghost_rock_garden, uniq_sigmund, uniq_grinder
D:4:      layout_basic, nemelex_xobeh_ov_fountains_minmay, portal_sewer_entry_e,
          serial_shops, nicolae_shop_stone
D:5:      layout_cave_pools, kennysheep_little_box, serial_shops,
          nicolae_shop_crystal

Skill      XL: |  1  2  3  4  5  6  7  8 |
---------------+-------------------------+-----
Axes           | 3 4 5 |  5.0
Fighting       | 4 5 |  5.0
Armour         | 3 4 |  4.4
Polearms       | 1 2 |  2.8
Dodging        | 3 |  3.1
Stealth        | |  0.6

Action                   |  1- 3 |  4- 6 |  7- 9 || total
-------------------------+-------+-------+-------++-------
Melee: Hand axe          |   126 |    12 |       ||   138
       War axe           |       |    31 |    17 ||    48
       Punch             |       |     1 |       ||     1
       Halberd           |       |       |   121 ||   121
Invok: Berserk           |       |     2 |     4 ||     6
 Stab: Sleeping          |     1 |       |       ||     1
Armor: Animal skin       |     4 |       |       ||     4
       Ring mail         |    31 |    12 |    67 ||   110
Dodge: Dodged            |    78 |    19 |    84 ||   181
